 Dungeon Crawl Stone Soup version 0.26-b1-32-g5d43845318 (webtiles) character file.

Game seed: 13052185329986264328

3178 MisterFreud the Grappler (level 9, 0/89 HPs)
             Began as a Troll Artificer on Jan 10, 2021.
             Was an Initiate of Ru.
             Slain by a cane toad (17 damage)
             ... on level 1 of the Lair of Beasts.
             The game lasted 00:07:15 (5731 turns).

MisterFreud the Grappler (Troll Artificer)          Turns: 5731, Time: 00:07:16

Health: 0/89       AC: 14    Str: 25    XL:     9   Next: 63%
Magic:  8/8        EV: 10    Int:  7    God:    Ru [......]
Gold:   486        SH:  0    Dex: 10    Spells: 8/8 levels left

rFire    . . .     SeeInvis .     - Unarmed
rCold    . . .     Faith    .   (no shield)
rNeg     . . .     Spirit   .   b - +0 robe
rPois    .         Reflect  .   H - +0 hat {Will+}
rElec    .         Harm     .   (no cloak)
rCorr    .         Rampage  .   (gloves unavailable)
Will     +....                  (boots unavailable)
Stlth    ..........             r - amulet of magic regeneration
HPRegen  0.64/turn              o - +4 ring of protection
MPRegen  0.36/turn              B - +4 ring of protection

@: no status effects
A: large, unfitting armour, claws 3, regeneration 1, shaggy fur 1, tough skin 3,
no stealth
a: Renounce Religion


You were on level 1 of the Lair of Beasts.
You worshipped Ru.
Ru was noncommittal.
You visited 3 branches of the dungeon, and saw 10 of its levels.
You also visited: Sewer.

You collected 486 gold pieces.

Inventory:

Missiles
 x - 6 boomerangs
 K - 4 javelins
 N - 8 poisoned darts
Armour
 b - a +0 robe (worn)
 H - a +0 hat of willpower (worn)
Jewellery
 g - an uncursed ring of fire
 i - an uncursed ring of flight
 o - a +4 ring of protection (left claw)
 r - an amulet of magic regeneration (around neck)
 s - an uncursed ring of ice
 y - an uncursed ring of wizardry
 B - a +4 ring of protection (right claw)
 C - an uncursed ring of ice
 D - an uncursed ring of fire
 L - an uncursed amulet of reflection {unknown}
 M - an uncursed ring of resist corrosion {unknown}
Wands
 c - a wand of flame (15) (quivered)
 d - a wand of enslavement (15)
 e - a wand of random effects (15)
 J - a wand of polymorph (8)
Scrolls
 a - 2 scrolls of enchant weapon {unknown}
 j - 2 scrolls of magic mapping {unknown}
 k - 6 scrolls of teleportation {unknown}
 m - 7 scrolls of identify {unknown}
 n - a scroll of enchant armour {unknown}
 v - 4 scrolls of immolation {unknown}
 z - a scroll of fear {unknown}
 A - 3 scrolls of blinking {unknown}
 E - a scroll of fog {unknown}
 F - a scroll of torment {unknown}
 G - a scroll of noise {unknown}
 I - a scroll of summoning {unknown}
Potions
 f - 3 potions of curing
 h - 2 potions of lignification {unknown}
 l - 4 potions of haste {unknown}
 p - 2 potions of heal wounds {unknown}
 q - 3 potions of ambrosia {unknown}
 t - 2 potions of brilliance {unknown}
 u - a potion of berserk rage {unknown}
 w - a potion of flight {unknown}


   Skills:
 - Level 6.0 Fighting
 + Level 3.0 Dodging
 + Level 8.5 Unarmed Combat
 - Level 6.0 Evocations


You had 8 spell levels left.
You didn't know any spells.
Your spell library contained the following spells:

 Spells                   Type           Power        Failure   Level
 Magic Dart               Conj           0%           43%         1
 Blink                    Tloc           N/A          56%         2
 Call Imp                 Summ           0%           56%         2
 Slow                     Hex            0%           56%         2
 Conjure Flame            Conj/Fire      0%           80%         3
 Mephitic Cloud           Conj/Pois/Air  0%           80%         3


Dungeon Overview and Level Annotations

Branches:
Dungeon (8/15)             Temple (1/1) D:5            Lair (1/6) D:8
  Sewer (visited)

Altars:
Ashenzari
Dithmenos
Elyvilon
Fedhas
Gozag
Hepliaklqana
Kikubaaqudgha
Makhleb
Nemelex Xobeh
Okawaru
Qazlal
Ru
Sif Muna
Trog
Uskayaw
Vehumet
Wu Jian
Yredelemnul
Zin
The Shining One

Shops:
D:8 =


Innate Abilities, Weirdness & Mutations

You are too large for most types of armour.
You have claws for hands.
Your natural rate of healing is unusually fast.
You are covered in fur. (AC +1)
You have extremely tough skin. (AC +3)
You cannot be stealthy.


Message History

You claw the cane toad!
The cane toad is heavily wounded.
The cane toad stings you.
You closely miss the cane toad.
The cane toad is heavily wounded.
The cane toad barely misses you.
You barely miss the cane toad. You claw the cane toad!
The cane toad is almost dead.
The cane toad stings you!
* * * LOW HITPOINT WARNING * * *
You closely miss the cane toad.
The cane toad is almost dead.
The cane toad stings you!
* * * LOW HITPOINT WARNING * * *
You are lethally poisoned!
The cane toad poisons you!
Unknown command.
Unknown command.
You feel better. The cane toad stings you!
You die...

## #.###
#.>.##
#.@F.#
#.........
#.........
....#####.
##...#
..!.#
...##
.....


You could see a cane toad.

Vanquished Creatures
  Pikel (D:4)
  Joseph (D:8)
  A komodo dragon (D:8)
  2 sky beasts (D:6)
  6 ogres
  2 centaurs
  5 bullfrogs
  2 howler monkeys (D:6)
  A quasit (D:7)
  2 hounds (D:4)
  A jelly (D:7)
  An orc priest (D:4)
  2 centaur skeletons
  A bullfrog skeleton (D:6)
  2 iguanas
  3 orc wizards
  6 worker ants
  Natasha (twice) (D:4)
  2 hound skeletons
  Robin (D:2)
  8 adders
  A shadow imp (D:6)
  An ufetubus (D:6)
  9 oozes
  2 adder skeletons
  12 dart slugs
  10 leopard geckos
  13 orcs
  4 bats
  18 giant cockroaches
  15 goblins
  9 hobgoblins
  4 jackals (D:1)
  2 quokkas
  10 ball pythons
  12 frilled lizards
  7 kobolds
  A leopard gecko skeleton (D:5)
  A quokka zombie (D:6)
  7 rats
190 creatures vanquished.

Vanquished Creatures (others)
  A hound zombie (D:6)
  A leopard gecko zombie (D:6)
  4 plants (D:8)
6 creatures vanquished.

Grand Total: 196 creatures vanquished

Notes
Turn   | Place    | Note
-------+----------+-------------------------------------------
     0 | D:1      | MisterFreud the Troll Artificer began the quest for the
                  | Orb.
     0 | D:1      | Reached XP level 1. HP: 18/18 MP: 0/0
    31 | D:1      | Reached skill level 1 in Unarmed Combat
   150 | D:1      | Reached XP level 2. HP: 26/26 MP: 1/1
   278 | D:1      | Reached skill level 2 in Unarmed Combat
   669 | D:1      | Reached XP level 3. HP: 32/32 MP: 2/2
   969 | D:2      | Reached skill level 3 in Unarmed Combat
  1012 | D:2      | Noticed Robin
  1102 | D:2      | Killed Robin
  1105 | D:2      | Reached XP level 4. HP: 40/40 MP: 3/3
  1399 | D:3      | Reached skill level 4 in Unarmed Combat
  1928 | D:4      | Noticed Pikel
  1928 | D:4      | Noticed a lemure
  1928 | D:4      | Noticed a lemure
  1928 | D:4      | Noticed a lemure
  1930 | D:4      | Noticed a lemure
  1949 | D:4      | Killed Pikel
  1950 | D:4      | Reached skill level 7 in Unarmed Combat
  1950 | D:4      | Reached XP level 5. HP: 39/46 MP: 4/4
  1950 | D:4      | Reached XP level 6. HP: 46/54 MP: 5/5
  1950 | D:4      | Reached XP level 7. HP: 52/61 MP: 6/6
  2127 | D:4      | Noticed Natasha
  2131 | D:4      | Killed Natasha
  2132 | D:4      | Reached skill level 8 in Unarmed Combat
  2132 | D:4      | Reached skill level 1 in Fighting
  2384 | D:4      | Noticed Natasha
  2392 | D:4      | Killed Natasha
  2487 | D:4      | Found a glowing drain.
  2501 | Sewer    | Entered a sewer
  2726 | Sewer    | Reached XP level 8. HP: 59/78 MP: 7/7
  2940 | D:5      | Entered Level 5 of the Dungeon
  3072 | D:5      | Found a staircase to the Ecumenical Temple.
  3111 | Temple   | Entered the Ecumenical Temple
  3190 | Temple   | Became a worshipper of Ru the Awakened
  3695 | D:6      | Reached skill level 5 in Fighting
  3771 | D:6      | Found a shadowy altar of Dithmenos.
  3771 | D:6      | Found an opulent altar of Gozag.
  4238 | D:5      | Gained mutation: You cannot be stealthy. [Ru sacrifice]
  4556 | D:6      | Reached XP level 9. HP: 84/89 MP: 8/8
  5469 | D:7      | Reached skill level 5 in Evocations
  5637 | D:8      | Noticed Joseph
  5645 | D:8      | Killed Joseph
  5695 | D:8      | Found Xiceh's Jewellery Shoppe.
  5699 | D:8      | Found a staircase to the Lair.
  5701 | D:8      | Noticed a komodo dragon
  5716 | D:8      | Killed a komodo dragon
  5723 | Lair:1   | Entered Level 1 of the Lair of Beasts
  5723 | Lair:1   | Noticed a cane toad
  5731 | Lair:1   | Slain by a cane toad

Illustrated notes

Levels and vault maps discovered:
D:1:      dpeg_arrival_prison, layout_loops_ring, serial_forest,
          infiniplex_forest_corner_2, infiniplex_forest_clump_small,
          infiniplex_forest_clump_long, infiniplex_forest_lined_room_3,
          infiniplex_forest_end_3, infiniplex_forest_clump_double,
          infiniplex_forest_lined_room_3, infiniplex_forest_lined_3
D:2:      layout_rooms, uniq_robin
D:3:      layout_loops_ring
D:4:      layout_basic, portal_sewer_entry_d, uniq_natasha, uniq_pikel
D:5:      kennysheep_slugbush, layout_basic, minmay_temple_entry_mini_moons
D:6:      minmay_chambers_of_threes, layout_gridville,
          gammafunk_temple_overflow_wave, lemuel_flamethrower_2
D:7:      layout_basic, hangedman_decor_riveting, corner_web_ring, st_stairs_8,
          hangedman_decor_peaks_small
D:8:      layout_loops_cross, amethyst_overflow_temple_binary,
          david_lair_shrubbed, serial_shops, shop,
          kennysheep_opposing_triangles, uniq_joseph, uniq_erica
Temple:   regret_index_temple_mists
Lair:1:   layout_concentric_octagons

Skill      XL: |  1  2  3  4  5  6  7  8  9 |
---------------+----------------------------+-----
Unarmed Combat | 1 2 3 7 8 |  8.5
Fighting       | 3 6 |  6.0
Evocations     | 4 6 |  6.0
Dodging        | 3 |  3.0

Action                   |  1- 3 |  4- 6 |  7- 9 || total
-------------------------+-------+-------+-------++-------
Melee: Unarmed           |   115 |    63 |   340 ||   518
       Punch             |     2 |       |    14 ||    16
Invok: Sacrifice Stealth |       |       |     1 ||     1
  Use: Potion            |     1 |       |     1 ||     2
 Stab: Sleeping          |     2 |     1 |       ||     3
Armor: Robe              |    46 |    19 |   152 ||   217
Dodge: Dodged            |    67 |    25 |   170 ||   262
